| TOP OF THE 1ST |
|
Texas (APP) Rangers batting - Pitching for Burlington Royals : LHP Butch Ott
|
|
Pitching: LHP Butch Ott
|
|
|
Batting: LHB Walter Vegter
|
0-0: Called Strike 0-1: Foul Ball, location: 2F 0-2: Ball 1-2: Fly out, F6 (Line Drive, 6M, EV 68.8 MPH)
|
|
Batting: RHB Rafael Tapia
|
0-0: Ball 1-0: Foul Ball, location: 2F 1-1: Foul Ball, location: 2F 1-2: Ball 2-2: Strikes out swinging
|
|
Batting: LHB Tomoya Hashimoto
|
0-0: Ball 1-0: DOUBLE (Line Drive, 9LD, EV 105.6 MPH)
|
|
Batting: RHB Bryan Wheeler
|
0-0: 2-RUN HOME RUN (Flyball, 89XD, EV 100.0 MPH), Distance : 405 ft
|
|
Batting: RHB Luis Solorzano
|
0-0: Called Strike 0-1: Ball 1-1: Ball 2-1: Ball 3-1: Base on Balls
|
|
Batting: RHB Morgan Harding
|
0-0: Ball Luis Solorzano steals 2nd base 1-0: Ball 2-0: Ball Wild Pitch! Luis Solorzano to third 3-0: Base on Balls
|
|
Batting: RHB Sal Cervantes
|
0-0: Foul Ball, location: 2F 0-1: Ball 1-1: Ball 2-1: Foul Ball, location: 2F 2-2: Ball 3-2: Foul Ball, location: 2F 3-2: Foul Ball, location: 2F 3-2: Base on Balls Morgan Harding to second
|
|
Pitching: RHP Jordan Viveros
|
|
|
Batting: SHB Albert Ortiz
|
0-0: Ball 1-0: Called Strike 1-1: Swinging Strike 1-2: Foul Ball, location: 2F 1-2: Strikes out swinging
|
| Top of the 1st over - 2 runs, 2 hits, 0 errors, 3 left on base; Texas (APP) 2 - Burlington 0 |
| BOTTOM OF THE 1ST |
|
Burlington Royals batting - Pitching for Texas (APP) Rangers : RHP Ferdi Schipper
|
|
Pitching: RHP Ferdi Schipper
|
|
|
Batting: LHB Bobby Gonzalez
|
0-0: DOUBLE (Line Drive, 78M, EV 93.1 MPH)
|
|
Batting: LHB Mike Bhatti
|
0-0: Called Strike 0-1: Ball 1-1: Ball 2-1: Foul Ball, location: 2F 2-2: Foul Ball, location: 2F 2-2: Strikes out swinging
|
|
Batting: RHB Nick Julien
|
0-0: Ball Wild Pitch! Bobby Gonzalez to third 1-0: Called Strike 1-1: Called Strike 1-2: Ball 2-2: Ball 3-2: Strikes out swinging
|
|
Batting: RHB Phil Hamby
|
0-0: Ball 1-0: Ball 2-0: Ball 3-0: Called Strike 3-1: Called Strike 3-2: Strikes out swinging
|
| Bottom of the 1st over - 0 runs, 1 hit, 0 errors, 1 left on base; Texas (APP) 2 - Burlington 0 |
| TOP OF THE 2ND |
|
Texas (APP) Rangers batting - Pitching for Burlington Royals : RHP Jordan Viveros
|
|
Batting: RHB Ferdi Schipper
|
0-0: Called Strike 0-1: Swinging Strike 0-2: Strikes out looking
|
|
Batting: LHB Walter Vegter
|
0-0: Ball 1-0: Called Strike 1-1: Ball 2-1: Ball 3-1: Ground out U3 (Groundball, 3, EV 83.1 MPH)
|
|
Batting: RHB Rafael Tapia
|
0-0: Ball 1-0: Foul Ball, location: 2F 1-1: Ball 2-1: Ball 3-1: Ground out 5-3 (Groundball, 5, EV 100.6 MPH)
|
| Top of the 2nd over - 0 runs, 0 hits, 0 errors, 0 left on base; Texas (APP) 2 - Burlington 0 |
| BOTTOM OF THE 2ND |
|
Burlington Royals batting - Pitching for Texas (APP) Rangers : RHP Ferdi Schipper
|
|
Batting: SHB Bill Ertl
|
0-0: Ball 1-0: Called Strike 1-1: Foul Ball, location: 2F 1-2: DOUBLE (Line Drive, 5D, EV 108.8 MPH)
|
|
Batting: LHB Pablo Serrato
|
0-0: Ball 1-0: Foul Ball, location: 2F Balk! Bill Ertl to third 1-1: Foul Ball, location: 2F 1-2: Ground out 5-3 (Groundball, 56, EV 105.6 MPH) Bill Ertl scores
|
|
Batting: SHB Danny Ballenger
|
0-0: Called Strike 0-1: Ball 1-1: SOLO HOME RUN (Flyball, 78XD, EV 101.9 MPH), Distance : 404 ft
|
|
Batting: RHB Carlos Almada
|
0-0: Ball 1-0: Ball 2-0: Ball 3-0: Called Strike 3-1: Foul Ball, location: 2F 3-2: Base on Balls
|
|
Batting: RHB Dave Saldana
|
0-0: Swinging Strike 0-1: Swinging Strike 0-2: Ball 1-2: Strikes out swinging
|
|
Batting: LHB Bobby Gonzalez
|
0-0: Ball 1-0: Called Strike 1-1: Ball Carlos Almada steals 2nd base 2-1: Called Strike 2-2: Ball 3-2: Ground out 4-3 (Groundball, 34, EV 108.1 MPH)
|
| Bottom of the 2nd over - 2 runs, 2 hits, 0 errors, 1 left on base; Texas (APP) 2 - Burlington 2 |
| TOP OF THE 3RD |
|
Texas (APP) Rangers batting - Pitching for Burlington Royals : RHP Jordan Viveros
|
|
Batting: LHB Tomoya Hashimoto
|
0-0: Ball 1-0: Called Strike 1-1: Ball 2-1: Ball 3-1: Foul Ball, location: 2F 3-2: Foul Ball, location: 2F 3-2: Base on Balls
|
|
Pitching: LHP Brett Reed
|
|
|
Batting: RHB Bryan Wheeler
|
0-0: Ball 1-0: Ball 2-0: SINGLE (Groundball, 56D, EV 98.8 MPH) Tomoya Hashimoto to second
|
|
Batting: RHB Luis Solorzano
|
0-0: Ball 1-0: Ball Wild Pitch! Tomoya Hashimoto to third Bryan Wheeler to second 2-0: 3-RUN HOME RUN (Flyball, 7D, EV 99.4 MPH), Distance : 377 ft
|
|
Batting: RHB Morgan Harding
|
0-0: Ground out 5-3 (Groundball, 56, EV 90.6 MPH)
|
|
Batting: RHB Sal Cervantes
|
0-0: Ball 1-0: SOLO HOME RUN (Flyball, 7LD, EV 94.4 MPH), Distance : 350 ft
|
|
Batting: SHB Albert Ortiz
|
0-0: Ball 1-0: Ball 2-0: Ball 3-0: Foul Ball, location: 2F 3-1: Base on Balls
|
|
Batting: RHB Ferdi Schipper
|
0-0: Ball 1-0: Called Strike 1-1: Swinging Strike 1-2: Foul Ball, location: 2F 1-2: Strikes out swinging
|
|
Pitching: RHP Nam Phong
|
|
|
Batting: LHB Walter Vegter
|
0-0: Called Strike 0-1: Called Strike 0-2: Strikes out swinging
|
| Top of the 3rd over - 4 runs, 3 hits, 0 errors, 1 left on base; Texas (APP) 6 - Burlington 2 |
| BOTTOM OF THE 3RD |
|
Burlington Royals batting - Pitching for Texas (APP) Rangers : RHP Ferdi Schipper
|
|
Batting: LHB Mike Bhatti
|
0-0: Called Strike 0-1: Ball 1-1: Swinging Strike 1-2: Strikes out swinging
|
|
Batting: RHB Nick Julien
|
0-0: Ball 1-0: Ball 2-0: Called Strike 2-1: Foul Ball, location: 2F 2-2: Strikes out swinging, 2-3 out at first.
|
|
Batting: RHB Phil Hamby
|
0-0: Called Strike 0-1: Foul Ball, location: 2F 0-2: SINGLE (Groundball, 6M, EV 88.8 MPH) (infield hit)
|
|
Batting: SHB Bill Ertl
|
0-0: Called Strike 0-1: Swinging Strike 0-2: Ball 1-2: Strikes out looking
|
| Bottom of the 3rd over - 0 runs, 1 hit, 0 errors, 1 left on base; Texas (APP) 6 - Burlington 2 |
| TOP OF THE 4TH |
|
Texas (APP) Rangers batting - Pitching for Burlington Royals : RHP Nam Phong
|
|
Batting: RHB Rafael Tapia
|
0-0: Ball 1-0: Ground out 6-3 (Groundball, 6, EV 78.8 MPH)
|
|
Batting: LHB Tomoya Hashimoto
|
0-0: Fly out, F7 (Line Drive, 7S, EV 91.9 MPH)
|
|
Batting: RHB Bryan Wheeler
|
0-0: Called Strike 0-1: Swinging Strike 0-2: Strikes out swinging
|
| Top of the 4th over - 0 runs, 0 hits, 0 errors, 0 left on base; Texas (APP) 6 - Burlington 2 |
| BOTTOM OF THE 4TH |
|
Burlington Royals batting - Pitching for Texas (APP) Rangers : RHP Ferdi Schipper
|
|
Batting: LHB Pablo Serrato
|
0-0: Called Strike 0-1: Swinging Strike 0-2: Foul Ball, location: 2F 0-2: Ball 1-2: Ball 2-2: Ball 3-2: SINGLE (Groundball, 4MD, EV 93.8 MPH)
|
|
Batting: SHB Danny Ballenger
|
0-0: Ball 1-0: Ball 2-0: Ball 3-0: Called Strike 3-1: Base on Balls Pablo Serrato to second
|
|
Batting: RHB Carlos Almada
|
0-0: Called Strike 0-1: Foul Ball, location: 2F 0-2: Fielders Choice at 2nd, 1-4 (Groundball, 25, EV 72.5 MPH) Pablo Serrato to third
|
|
Batting: RHB Dave Saldana
|
0-0: Ball 1-0: Ball 2-0: Fielders Choice at 2nd, 4-6 (Groundball, 4, EV 83.8 MPH) Pablo Serrato scores
|
|
Batting: LHB Bobby Gonzalez
|
0-0: SINGLE (Line Drive, 78S, EV 96.2 MPH) Dave Saldana to second
|
|
Batting: LHB Mike Bhatti
|
0-0: Called Strike 0-1: Ball 1-1: Ball 2-1: Swinging Strike 2-2: Foul Ball, location: 2F 2-2: Ball 3-2: Base on Balls Dave Saldana to third Bobby Gonzalez to second
|
|
Batting: RHB Nick Julien
|
0-0: Ball 1-0: Swinging Strike 1-1: Ball Wild Pitch! Dave Saldana scores Bobby Gonzalez to third Mike Bhatti to second 2-1: Called Strike 2-2: DOUBLE (Line Drive, 9LM, EV 105.6 MPH) Bobby Gonzalez scores Mike Bhatti scores
|
|
Pitching: RHP Kelly Cole
|
|
|
Batting: RHB Phil Hamby
|
0-0: Called Strike 0-1: Ball 1-1: Foul Ball, location: 2F 1-2: Foul Ball, location: 2F 1-2: Fly out, F2 (Popup, 25F, EV 83.1 MPH)
|
| Bottom of the 4th over - 4 runs, 3 hits, 0 errors, 1 left on base; Texas (APP) 6 - Burlington 6 |
| TOP OF THE 5TH |
|
Texas (APP) Rangers batting - Pitching for Burlington Royals : RHP Nam Phong
|
|
Batting: RHB Luis Solorzano
|
0-0: Ball 1-0: Ball 2-0: Called Strike 2-1: Ball 3-1: Foul Ball, location: 2F 3-2: Base on Balls
|
|
Batting: RHB Morgan Harding
|
0-0: Ball 1-0: Ball Luis Solorzano steals 2nd base 2-0: Ball 3-0: Foul Ball, location: 2F 3-1: Base on Balls
|
|
Pitching: RHP Chance Griffin
|
|
|
Batting: RHB Sal Cervantes
|
0-0: Ball 1-0: Grounds into double play, 6-4-3 (Groundball, 6, EV 89.4 MPH) Luis Solorzano to third
|
|
Batting: SHB Albert Ortiz
|
0-0: Ball 1-0: Ball 2-0: Ball 3-0: Called Strike 3-1: Called Strike 3-2: Strikes out looking
|
| Top of the 5th over - 0 runs, 0 hits, 0 errors, 1 left on base; Texas (APP) 6 - Burlington 6 |
| BOTTOM OF THE 5TH |
|
Burlington Royals batting - Pitching for Texas (APP) Rangers : RHP Kelly Cole
|
|
Batting: SHB Bill Ertl
|
0-0: SINGLE (Line Drive, 7S, EV 98.1 MPH)
|
|
Batting: LHB Pablo Serrato
|
0-0: Called Strike 0-1: Ball 1-1: DOUBLE (Line Drive, 9LS, EV 91.9 MPH) Bill Ertl to third
|
|
Batting: SHB Danny Ballenger
|
0-0: Ball 1-0: SINGLE (Groundball, 56, EV 98.8 MPH) Bill Ertl scores Pablo Serrato to third
|
|
Batting: RHB Carlos Almada
|
0-0: Fly out, F8 (Flyball, 8LD, EV 99.4 MPH) Runner from 3rd tags up, SCORES, throw by CF
|
|
Batting: RHB Dave Saldana
|
0-0: Fly out, F1 (Line Drive, P, EV 70.0 MPH) Lined into DP, 1-3 (Line Drive, P, EV 68.8 MPH)
|
| Bottom of the 5th over - 2 runs, 3 hits, 0 errors, 0 left on base; Texas (APP) 6 - Burlington 8 |
| TOP OF THE 6TH |
|
Texas (APP) Rangers batting - Pitching for Burlington Royals : RHP Chance Griffin
|
|
Batting: RHB Ferdi Schipper
|
0-0: DOUBLE (Line Drive, 3D, EV 94.4 MPH)
|
|
Batting: LHB Walter Vegter
|
0-0: Ball 1-0: Ball 2-0: SINGLE (Groundball, 6M, EV 100.0 MPH) Ferdi Schipper to third
|
|
Batting: RHB Rafael Tapia
|
0-0: Ball Walter Vegter steals 2nd base 1-0: Foul Ball, location: 2F 1-1: Ball 2-1: Called Strike 2-2: Ball 3-2: Base on Balls
|
|
Pitching: RHP Kolenka Leschenya
|
|
|
Batting: LHB Tomoya Hashimoto
|
0-0: Ball 1-0: Ball 2-0: SINGLE (Line Drive, 56, EV 106.2 MPH) Ferdi Schipper scores Walter Vegter to third Rafael Tapia to second
|
|
Batting: RHB Bryan Wheeler
|
0-0: Ball 1-0: Ball Wild Pitch! Walter Vegter scores Rafael Tapia to third Tomoya Hashimoto to second 2-0: Foul Ball, location: 2F 2-1: Ball 3-1: Foul Ball, location: 2F 3-2: Foul Ball, location: 2F 3-2: Base on Balls
|
|
Batting: RHB Luis Solorzano
|
0-0: Called Strike 0-1: Foul Ball, location: 2F 0-2: Ball 1-2: Foul Ball, location: 2F 1-2: Ball 2-2: Strikes out looking
|
|
Batting: RHB Morgan Harding
|
0-0: Called Strike 0-1: Ball 1-1: Ball 2-1: Foul Ball, location: 2F 2-2: GRAND SLAM HOME RUN (Line Drive, 7LD, EV 93.8 MPH), Distance : 336 ft
|
|
Pitching: RHP Neil Drain
|
|
|
Batting: RHB Sal Cervantes
|
0-0: Called Strike 0-1: Ball 1-1: Ball 2-1: Ball 3-1: Base on Balls
|
|
Batting: SHB Albert Ortiz
|
0-0: Swinging Strike 0-1: Foul Ball, location: 2F 0-2: Ball 1-2: Strikes out swinging Sal Cervantes steals 2nd base Batter strikes out.
|
|
Batting: RHB Ferdi Schipper
|
0-0: Ball 1-0: Ground out U3 (Groundball, 3S, EV 90.0 MPH)
|
| Top of the 6th over - 6 runs, 4 hits, 0 errors, 1 left on base; Texas (APP) 12 - Burlington 8 |
| BOTTOM OF THE 6TH |
|
Burlington Royals batting - Pitching for Texas (APP) Rangers : RHP Kelly Cole
|
|
Batting: LHB Bobby Gonzalez
|
0-0: Ball 1-0: Ball 2-0: Called Strike 2-1: Swinging Strike 2-2: SOLO HOME RUN (Flyball, 9LD, EV 93.8 MPH), Distance : 354 ft
|
|
Pitching: LHP Pat Mena
|
|
|
Batting: LHB Mike Bhatti
|
0-0: Called Strike 0-1: Ball 1-1: DOUBLE (Groundball, 3L, EV 101.9 MPH)
|
|
Batting: RHB Nick Julien
|
0-0: Ball 1-0: Foul Ball, location: 2F 1-1: Ball 2-1: SINGLE (Groundball, 56D, EV 97.5 MPH) Mike Bhatti to third
|
|
Batting: RHB Phil Hamby
|
0-0: Called Strike 0-1: Foul Ball, location: 2F 0-2: Ball 1-2: Ball 2-2: Ball 3-2: Strikes out swinging
|
|
Batting: SHB Bill Ertl
|
0-0: Ball 1-0: Called Strike 1-1: Fly out, F8 (Flyball, 8RXD, EV 95.6 MPH) Runner from 3rd tags up, SCORES, no throw by CF
|
|
Batting: LHB Pablo Serrato
|
0-0: Foul Ball, location: 2F 0-1: Swinging Strike 0-2: Ball 1-2: Strikes out swinging
|
| Bottom of the 6th over - 2 runs, 3 hits, 0 errors, 1 left on base; Texas (APP) 12 - Burlington 10 |
| TOP OF THE 7TH |
|
Texas (APP) Rangers batting - Pitching for Burlington Royals : RHP Neil Drain
|
|
Batting: LHB Walter Vegter
|
0-0: Called Strike 0-1: Swinging Strike 0-2: Ball 1-2: Foul Ball, location: 2F 1-2: Ball 2-2: Ball 3-2: Foul Ball, location: 2F 3-2: Base on Balls
|
|
Pitching: RHP Greg Sell
|
|
|
Batting: RHB Rafael Tapia
|
0-0: Ball Wild Pitch! Walter Vegter to second 1-0: Ball 2-0: Ground out 6-3 (Groundball, 6, EV 101.2 MPH)
|
|
Batting: LHB Tomoya Hashimoto
|
0-0: Fly out, F8 (Flyball, 8RM, EV 83.8 MPH)
|
|
Batting: RHB Bryan Wheeler
|
0-0: Ball 1-0: Called Strike 1-1: Ball 2-1: Ball 3-1: Base on Balls
|
|
Batting: RHB Luis Solorzano
|
0-0: Swinging Strike 0-1: Called Strike 0-2: Ball 1-2: DOUBLE (Flyball, 8LXD, EV 93.1 MPH) Walter Vegter scores Bryan Wheeler to third Runner from 3rd tries for Home, SAFE, no throw by CF
|
|
Batting: RHB Morgan Harding
|
0-0: SINGLE (Line Drive, 9S, EV 98.1 MPH) Luis Solorzano to third Runner from 3rd tries for Home, throw by RF and OUT! 9-2
|
| Top of the 7th over - 2 runs, 2 hits, 0 errors, 1 left on base; Texas (APP) 14 - Burlington 10 |
| BOTTOM OF THE 7TH |
|
Burlington Royals batting - Pitching for Texas (APP) Rangers : LHP Pat Mena
|
|
Pitching: RHP Mike Warren
|
|
|
Batting: SHB Danny Ballenger
|
0-0: Called Strike 0-1: Ball 1-1: Ball 2-1: Swinging Strike 2-2: Ball 3-2: Ground out 4-3 (Groundball, 4, EV 106.9 MPH)
|
|
Batting: RHB Carlos Almada
|
0-0: Foul Ball, location: 2F 0-1: Called Strike 0-2: Ball 1-2: Ball 2-2: Foul Ball, location: 2F 2-2: Strikes out swinging
|
|
Batting: RHB Dave Saldana
|
0-0: Ball 1-0: Foul Ball, location: 2F 1-1: Foul Ball, location: 2F 1-2: Ground out 5-3 (Groundball, 5, EV 92.5 MPH)
|
| Bottom of the 7th over - 0 runs, 0 hits, 0 errors, 0 left on base; Texas (APP) 14 - Burlington 10 |
| TOP OF THE 8TH |
|
Texas (APP) Rangers batting - Pitching for Burlington Royals : RHP Greg Sell
|
|
Pitching: LHP Ken Milhouse
|
|
|
Batting: RHB Sal Cervantes
|
0-0: Ball 1-0: Swinging Strike 1-1: Swinging Strike 1-2: Foul Ball, location: 2F 1-2: Foul Ball, location: 2F 1-2: Ball 2-2: Ball 3-2: Foul Ball, location: 2F 3-2: Base on Balls
|
|
Batting: SHB Albert Ortiz
|
0-0: Ball 1-0: Ball 2-0: SINGLE (Groundball, 56D, EV 100.0 MPH) Sal Cervantes to second
|
|
Batting: RHB Ferdi Schipper
|
0-0: Bunt missed! 0-1: Ball 1-1: Sac Bunt to 15S - play at first, batter OUT! 1-4 Sal Cervantes to third Albert Ortiz to second
|
|
Batting: LHB Walter Vegter
|
0-0: SINGLE (Groundball, 34D, EV 106.9 MPH) Sal Cervantes scores Albert Ortiz to third Runner from 3rd tries for Home, SAFE, throw by RF to home
|
|
Batting: RHB Rafael Tapia
|
0-0: Called Strike Walter Vegter steals 2nd base 0-1: SINGLE (Flyball, 56D, EV 87.5 MPH) Walter Vegter to third
|
|
Pitching: RHP Ryan Crump
|
|
|
Batting: LHB Tomoya Hashimoto
|
0-0: Fly out, F7 (Flyball, 7D, EV 83.1 MPH) Runner from 3rd tags up, SCORES, no throw by LF
|
|
Batting: RHB Bryan Wheeler
|
0-0: Hit by Pitch Rafael Tapia to second
|
|
Batting: RHB Luis Solorzano
|
0-0: Swinging Strike 0-1: Ball 1-1: Called Strike 1-2: Foul Ball, location: 2F 1-2: Foul Ball, location: 2F 1-2: Foul Ball, location: 2F 1-2: DOUBLE (Line Drive, 89M, EV 95.6 MPH) Rafael Tapia scores Bryan Wheeler to third Runner from 3rd tries for Home, SAFE, throw by RF to home
|
|
Batting: RHB Morgan Harding
|
0-0: DOUBLE (Line Drive, 5D, EV 100.0 MPH) Luis Solorzano scores
|
|
Batting: RHB Sal Cervantes
|
0-0: Ground out 6-3 (Groundball, 6, EV 78.8 MPH)
|
| Top of the 8th over - 6 runs, 5 hits, 0 errors, 1 left on base; Texas (APP) 20 - Burlington 10 |
| BOTTOM OF THE 8TH |
|
Burlington Royals batting - Pitching for Texas (APP) Rangers : RHP Mike Warren
|
|
Batting: LHB Bobby Gonzalez
|
0-0: Foul Ball, location: 2F 0-1: Foul Ball, location: 2F 0-2: Foul Ball, location: 2F 0-2: Ball 1-2: Ball 2-2: Strikes out swinging
|
|
Batting: LHB Mike Bhatti
|
0-0: Ball 1-0: Swinging Strike 1-1: Ball 2-1: Called Strike 2-2: Ball 3-2: Base on Balls
|
|
Batting: LHB Edgar Ortiz
|
0-0: Ball 1-0: Ball 2-0: Called Strike 2-1: Foul Ball, location: 2F 2-2: Ball 3-2: Strikes out swinging
|
|
Batting: RHB Phil Hamby
|
0-0: Called Strike 0-1: Ball 1-1: Ball 2-1: Called Strike 2-2: Strikes out swinging
|
| Bottom of the 8th over - 0 runs, 0 hits, 0 errors, 1 left on base; Texas (APP) 20 - Burlington 10 |
| TOP OF THE 9TH |
|
Texas (APP) Rangers batting - Pitching for Burlington Royals : RHP Ryan Crump
|
|
Batting: SHB Albert Ortiz
|
0-0: Ball 1-0: Foul Ball, location: 2F 1-1: Fly out, F7 (Flyball, 78M, EV 85.6 MPH)
|
|
Batting: RHB Ferdi Schipper
|
0-0: Ball 1-0: Foul Ball, location: 2F 1-1: Ball 2-1: Fly out, F8 (Flyball, 78M, EV 89.4 MPH)
|
|
Pitching: RHP Vance Coen
|
|
|
Batting: LHB Walter Vegter
|
0-0: SINGLE (Groundball, 3S, EV 63.1 MPH) (infield hit)
|
|
Batting: RHB Rafael Tapia
|
0-0: Ball 1-0: Ball 2-0: Ball 3-0: Called Strike 3-1: Ground out 4-3 (Groundball, 4, EV 85.0 MPH)
|
| Top of the 9th over - 0 runs, 1 hit, 0 errors, 1 left on base; Texas (APP) 20 - Burlington 10 |
| BOTTOM OF THE 9TH |
|
Burlington Royals batting - Pitching for Texas (APP) Rangers : RHP Mike Warren
|
|
Pinch Hitting: RHB Carlos Santoni
|
0-0: Ball 1-0: Called Strike 1-1: Ground out 6-3 (Groundball, 6, EV 100.6 MPH)
|
|
Pitching: LHP Alex Boites
|
|
|
Batting: LHB Pablo Serrato
|
0-0: Ball 1-0: Fly out, F5 (Popup, 15, EV 91.2 MPH)
|
|
Pinch Hitting: RHB Adam Krieger
|
0-0: Called Strike 0-1: Ball 1-1: Ball 2-1: Ball 3-1: Foul Ball, location: 2F 3-2: Hit by Pitch
|
|
Batting: RHB Carlos Almada
|
0-0: Fly out, F9 (Flyball, 9, EV 86.9 MPH)
|
| Bottom of the 9th over - 0 runs, 0 hits, 0 errors, 1 left on base; Texas (APP) 20 - Burlington 10 |
|